 Dungeon Crawl Stone Soup version 0.32-a0-290-g598725c5f2 (webtiles) character file.

Game seed: 9345970150976920000

3017 senseless the Twirler (level 9, 0/79 HPs)
             Began as a Minotaur Gladiator on Feb 13, 2024.
             Was an Initiate of Fedhas.
             Splashed by a jelly's acid (2 damage)
             ... on level 8 of the Dungeon.
             The game lasted 00:16:57 (6923 turns).

senseless the Twirler (Minotaur Gladiator)          Turns: 6923, Time: 00:16:57

Health: 0/79       AC: -1    Str: 23    XL:     9   Next: 55%
Magic:  8/8        EV: 12    Int:  5    God:    Fedhas [......]
Gold:   468        SH:  0    Dex: 12    Spells: 8/8 levels left

rFire   + . .        D - staff of alchemy
rCold   . . .        p - orb {mayhem}
rNeg    + . .        H - +3 scale mail
rPois   +            c - +1 hat
rElec   .            o - +0 cloak
rCorr   .            (no gloves)
SInv    .            i - +0 pair of boots
Will    .....        (no amulet) Stlth
                     q - ring of positive energy
HPRegen 0.33/turn    w - ring of protection from fire
MPRegen 0.11/turn

%: mayhem
@: corroded
A: horns 2, retaliatory headbutt
a: Renounce Religion


You were on level 8 of the Dungeon.
You worshipped Fedhas.
Fedhas was noncommittal.
You visited 2 branches of the dungeon, and saw 9 of its levels.
You also visited: Sewer and Ossuary.

You collected 468 gold pieces.

Inventory:

Hand Weapons
 g - a +4 trident of draining
 t - a +2 short sword of protection
 y - the +7 spear "Anie" {flame, rElec rC++ Str-2 Int+3}
   (You found it on level 4 of the Dungeon)

   Str-2:     It affects your strength (-2).
   Int+3:     It affects your intelligence (+3).
   rC++:      It greatly protects you from cold.
   rElec:     It insulates you from electricity.
Missiles
 d - 3 throwing nets (quivered)
 e - 2 javelins
 s - 12 poisoned darts
 C - a curare-tipped dart
Armour
 c - a +1 hat (worn)
 i - a +0 pair of boots (worn)
 o - a +0 cloak (worn)
 p - an orb of mayhem (worn)
 G - +0 steam dragon scales
 H - a +3 scale mail (worn)
 J - a +0 plate armour
Magical Staves
 a - a staff of earth
 D - a staff of alchemy (weapon)
Jewellery
 q - a ring of positive energy (left hand)
 w - a ring of protection from fire (right hand)
Wands
 b - a wand of light (12)
 E - a wand of flame (1)
Scrolls
 f - a scroll of fear
 k - 3 scrolls of noise
 l - 3 scrolls of summoning
 r - a scroll of immolation
 A - a scroll of teleportation
Potions
 h - 2 potions of might
 j - 4 potions of attraction
 m - 3 potions of resistance
 n - 3 potions of magic
 u - a potion of brilliance {unknown}
 v - 4 potions of curing
 z - 2 potions of haste {unknown}
 B - 3 potions of lignification
 F - 2 potions of ambrosia {unknown}


   Skills:
 + Level 7.1 Fighting
 + Level 7.7 Staves
 - Level 2.0 Throwing
 + Level 6.4 Armour
 + Level 6.9 Dodging
 * Level 2.9 Alchemy
 * Level 5.3 Evocations


You had 8 spell levels left.
You didn't know any spells.
Your spell library contained the following spells:

 Spells                   Type           Power      Damage    Failure   Level
 Sandblast                Erth           0%         2d4       77%         1
 Sublimation of Blood     Necr           0%         N/A       88%         2
 Call Canine Familiar     Summ           0%         N/A       98%         3
 Passwall                 Erth           0%         N/A       98%         3
 Sigil of Binding         Hex            0%         N/A       98%         3
 Stone Arrow              Conj/Erth      0%         3d7       98%         3
 Teleport Other           Tloc           0%         N/A       98%         3
 Olgreb's Toxic Radiance  Alch           4%         N/A       98%         4
 Brom's Barrelling Bould  Conj/Erth      0%         2d3       100%        4
 Dimensional Bullseye     Hex/Tloc       0%         N/A       100%        4
 Dispel Undead            Necr           0%         3d6       100%        4
 Petrify                  Alch/Erth      2%         N/A       100%        4
 Irradiate                Conj/Alch      1%         3d12      100%        5
 Ozocubu's Refrigeration  Ice            0%         4d7       100%        7
 Discord                  Hex            0%         N/A       100%        8


Dungeon Overview and Level Annotations

Branches:
Dungeon (8/15)             Temple (1/1) D:7           Sewer (visited)
Ossuary (visited)
   Lair: D:8-11

Altars:
Ashenzari
Cheibriados
Dithmenos
Elyvilon
Fedhas
Gozag
Hepliaklqana
Kikubaaqudgha
Makhleb
Nemelex Xobeh
Okawaru
Qazlal
Ru
Sif Muna
Trog
Uskayaw
Vehumet
Wu Jian
Xom
Yredelemnul
Zin
The Shining One

Shops:
D:7 (


Innate Abilities, Weirdness & Mutations

You have a pair of horns on your head.
You reflexively headbutt those who attack you in melee.


Message History

You are too injured to fight recklessly!
You are too injured to fight recklessly!
You hit the jelly but do no damage. The acid corrodes you!
Your hands burn!
You hit the jelly.
Your hands burn!
The jelly is lightly wounded.
The jelly hits you.
You are splashed with acid.
You hit the jelly.
You envenom the jelly.
The acid corrodes you!
Your hands burn!
The jelly is heavily wounded.
The jelly closely misses you.
You hit the jelly but do no damage.
You envenom the jelly.
Your hands burn!
* * * LOW HITPOINT WARNING * * *
You headbutt the jelly, but do no damage.
The jelly is heavily wounded.
The jelly hits you.
* * * LOW HITPOINT WARNING * * *
The acid corrodes you!
You are splashed with acid!
* * * LOW HITPOINT WARNING * * *
You hit the jelly but do no damage.
Your hands burn!
* * * LOW HITPOINT WARNING * * *
The jelly is heavily wounded.
The jelly barely misses you.
You feel better. The jelly hits you.
* * * LOW HITPOINT WARNING * * *
The acid corrodes you!
You are splashed with acid!
* * * LOW HITPOINT WARNING * * *
Throw: 4 throwing nets
Press: ? - help, Q - select action, (/) - cycle Shift-Dir - straight line, f - jelly
Aim: a jelly (heavily wounded, 89% to hit, immune to nets)
You throw a throwing net. The throwing net hits the jelly.
The jelly effortlessly oozes through the net!
The jelly is heavily wounded.
The jelly barely misses you.
You hit the jelly but do no damage.
You envenom the jelly.
Your hands burn!
* * * LOW HITPOINT WARNING * * *
You headbutt the jelly, but do no damage.
The jelly is severely wounded.
You hit the jelly.
Your hands burn!
You die...
Fedhas appreciates your contribution to the ecosystem.

....... ......... ###
.........# ...
.#.........#######.##.##
.............#.........
.#......... #.).@J...#
...........##)#....###
#.#.. #.##..)#.##.....
.....###....###.. .####
. #......!.# #.## #
..####...##..#..#
#......#####...##
#.....######....#
#..##.[...........


You could see a jelly.

Vanquished Creatures
  Jeremiah (D:7)
  Grinder (D:3)
  Edmund (D:6)
  A black bear (D:6)
  A sky beast (D:6)
  An orc warrior (D:8)
  Pargi (Sewer)
  2 ogres
  A bullfrog (D:7)
  2 elf zombies
  2 kobold brigands
  A brain worm (Sewer)
  2 elf skeletons (D:5)
  2 scorpions
  A burial acolyte (Ossuary)
  2 bombardier beetles
  A quasit (D:5)
  A human zombie (Ossuary)
  2 jellies
  2 orc priests (D:3)
  3 hounds
  2 sleepcaps (D:5)
  A human skeleton (D:5)
  3 iguanas
  3 orc wizards
  A bullfrog simulacrum (Ossuary)
  2 hound zombies (Ossuary)
  3 mummies (Ossuary)
  7 gnolls
  5 adders
  8 shadow imps
  3 white imps (D:5)
  11 ufetubi
  5 adder zombies (Ossuary)
  22 orcs
  5 bats
  6 endoplasms
  9 giant cockroaches
  5 goblins
  15 hobgoblins
  4 jackals (D:4)
  14 kobolds
  6 quokkas
  3 training dummies (D:7)
  6 ball pythons
  3 ball python zombies (Ossuary)
  4 frilled lizards
  2 gnoll zombies (Ossuary)
  6 jackal zombies (Ossuary)
  5 kobold zombies (Ossuary)
  2 orc skeletons (D:5)
  2 orc zombies (Ossuary)
  8 rats
212 creatures vanquished.

Notes
Turn   | Place    | Note
-------+----------+-------------------------------------------
     0 | D:1      | senseless the Minotaur Gladiator began the quest for the
                  | Orb.
     0 | D:1      | Reached XP level 1. HP: 18/18 MP: 0/0
    72 | D:1      | Reached XP level 2. HP: 25/25 MP: 1/1
    76 | D:1      | Reached skill level 1 in Armour
   235 | D:1      | Reached XP level 3. HP: 31/31 MP: 2/2
  1082 | D:2      | Got Maunun's Book of Parabolic Unholy Deeds
  1295 | D:2      | Reached XP level 4. HP: 37/38 MP: 3/3
  1490 | D:2      | Reached skill level 1 in Evocations
  1624 | D:3      | Reached XP level 5. HP: 34/46 MP: 4/4
  2002 | D:3      | Noticed Grinder
  2002 | D:3      | Paralysed by Grinder for 5 turns
  2020 | D:3      | Killed Grinder
  2021 | D:3      | Reached skill level 5 in Staves
  2021 | D:3      | Reached XP level 6. HP: 47/53 MP: 5/5
  2259 | D:4      | Identified the +7 spear "Anie" {flame, rElec rC++ Str-2
                  | Int+3}
  2476 | D:4      | Reached skill level 5 in Dodging
  2476 | D:4      | Reached XP level 7. HP: 56/60 MP: 6/6
  2614 | D:4      | Found a bloodstained altar of Trog.
  2685 | D:5      | Entered Level 5 of the Dungeon
  2745 | D:5      | Found a glowing drain.
  2761 | Sewer    | Entered a sewer
  2857 | Sewer    | Reached skill level 5 in Fighting
  2907 | Sewer    | Noticed Pargi
  2916 | Sewer    | Killed Pargi
  3117 | D:5      | Found a sand-covered staircase.
  3127 | D:5      | Reached XP level 8. HP: 65/69 MP: 7/7
  3130 | Ossuary  | Entered an ossuary
  3203 | Ossuary  | Reached skill level 5 in Armour
  4245 | D:5      | Found a shimmering blue altar of Sif Muna.
  4350 | D:5      | Reached skill level 1 in Alchemy
  4676 | D:6      | Noticed Edmund
  4714 | D:6      | Killed Edmund
  4715 | D:6      | Reached XP level 9. HP: 15/78 MP: 8/8
  5615 | D:7      | Found Boczoism's Firing Range.
  5771 | D:7      | Reached skill level 5 in Evocations
  5859 | D:7      | Found a staircase to the Ecumenical Temple.
  6066 | D:7      | Noticed Jeremiah
  6094 | D:7      | Killed Jeremiah
  6609 | Temple   | Entered the Ecumenical Temple
  6640 | Temple   | Became a worshipper of Fedhas Madash
  6920 | D:8      | HP: 2/79 [acid (11)]
  6923 | D:8      | Splashed by a jelly's acid

Illustrated notes

Levels and vault maps discovered:
D:1:      wheals_arrival_shading, layout_loops_ring, serial_forest,
          infiniplex_forest_clump_double, infiniplex_forest_lined_2,
          infiniplex_forest_clump_tiny, infiniplex_forest_straight_2,
          infiniplex_forest_clump_long, infiniplex_forest_lined_2,
          infiniplex_forest_clump_double, infiniplex_forest_lined_3
D:2:      layout_basic
D:3:      layout_basic, guppyfry_early_lair_pool, uniq_grinder
D:4:      layout_rooms, lemuel_coloured_pillars_altar
D:5:      layout_loops_ring, mainiacjoe_overflow_paths,
          nicolae_ossuary_entry_catacombs, portal_sewer_entry_f, serial_demonic,
          serial_demonic_b, serial_demonic_c, serial_demonic_d,
          serial_demonic_a, serial_demonic_f, serial_demonic_a,
          serial_demonic_d, serial_demonic_c, sigmund_army
D:6:      layout_loops_cross, minmay_misc_feat_nine_boxes,
          chequers_serial_rivers_room_b, uniq_edmund
D:7:      layout_loops_corners, minmay_temple_entry_drinking_statues,
          nicolae_shop_firing_range, uniq_jeremiah
D:8:      layout_rooms, minmay_microvault
Temple:   mainiacjoe_temple_big_plus

Skill      XL: |  1  2  3  4  5  6  7  8  9 |
---------------+----------------------------+-----
Armour         | 1 2 3 4 5 6 |  6.4
Staves         | 4 5 6 7 |  7.7
Fighting       | 3 4 5 6 7 |  7.1
Dodging        | 4 5 6 |  6.9
Evocations     | 1 2 3 4 5 |  5.3
Alchemy        | 1 2 |  2.9
Throwing       | |  2.0

Action                     |  1- 3 |  4- 6 |  7- 9 || total
---------------------------+-------+-------+-------++-------
  Melee: Quarterstaff      |    62 |    60 |       ||   122
         Headbutt          |     7 |    14 |    79 ||   100
         Spear             |       |    30 |   192 ||   222
         Staff             |       |       |   261 ||   261
  Throw: Throwing net      |       |     1 |     1 ||     2
    Use: Scroll            |       |       |    18 ||    18
         Potion            |       |       |     1 ||     1
 Armour: Leather armour    |    17 |       |       ||    17
         Ring mail         |     7 |    28 |       ||    35
         Scale mail        |       |    16 |   280 ||   296
         Steam dragon scal |       |       |    44 ||    44
  Dodge: Dodged            |    43 |    43 |   271 ||   357

Table legend: (Time is in decaauts)
 A = Elapsed time spent in this place.
 B = Non-inter-level travel time spent in this place.
 C = Inter-level travel time spent in this place.
 D = Time resting spent in this place.
 E = Time spent auto-exploring this place.
 F = Levels seen in this place.
 G = Mean time per level.
                   A        B        C        D        E       F      G
               +--------+--------+--------+--------+--------+-----+--------+
         Total |   6879 |   6321 |    558 |    128 |   4856 |  11 |  625.4 |
       Dungeon |   6215 |   5708 |    507 |    128 |   4435 |   8 |  776.9 |
        Temple |     61 |     10 |     51 |      0 |      0 |   1 |   61.0 |
         Sewer |    264 |    264 |      0 |      0 |    200 |   1 |  264.0 |
       Ossuary |    336 |    336 |      0 |      0 |    221 |   1 |  336.0 |
               +--------+--------+--------+--------+--------+-----+--------+

Top non-repeatable levels by time:
     D:7: 1219 daAuts
     D:5: 1134 daAuts
     D:6: 1104 daAuts
     D:1: 892 daAuts
     D:2: 680 daAuts
     D:3: 635 daAuts
     D:4: 483 daAuts
 Ossuary: 336 daAuts
   Sewer: 264 daAuts
     D:8: 66 daAuts
  Temple: 61 daAuts
